 Dungeon Crawl Stone Soup version 0.21-a0-110-g8e1637b (webtiles) character file.

408 MackTheKnife the Gusty (level 6, -4/32 HPs)
             Began as a Tengu Air Elementalist on July 10, 2017.
             Hit by a tomahawk thrown by an orc (5 damage)
             ... while paralysed
             ... on level 3 of the Dungeon.
             The game lasted 00:07:23 (3120 turns).

MackTheKnife the Gusty (Tengu Air Elementalist)     Turns: 3120, Time: 00:07:23

Health: -4/32      AC:  3    Str:  9    XL:     6   Next: 88%
Magic:  10/12      EV:  2    Int: 17    God:
Gold:   52         SH:  0    Dex: 14    Spells: 1/11 levels left

rFire    . . .     SeeInvis .   c - +0 dagger (elec)
rCold    . . .     Gourm    .   (no shield)
rNeg     . . .     Faith    .   p - +0 leather armour
rPois    .         Spirit   .   (helmet restricted)
rElec    .         Reflect  .   (no cloak)
rCorr    .         Harm     .   (no gloves)
MR       .....     Clarity  +   (boots unavailable)
Stlth    +++.......             (no amulet)
HPRegen  0.10/turn              (no ring)
MPRegen  0.13/turn              (no ring)

@: paralysed, berserk cooldown, slowed
A: beak, talons 3, camouflage 1, clarity, evolution 1, subdued magic 1, able to
fly 1
a: Fly


You were on level 3 of the Dungeon.
You were not hungry.

You visited 1 branch of the dungeon, and saw 3 of its levels.

You collected 52 gold pieces.

Inventory:

Hand Weapons
 c - a +0 dagger of electrocution (weapon)
   (You took it off an orc on level 3 of the Dungeon)
Armour
 p - a +0 leather armour (worn)
   (You found it on level 2 of the Dungeon)
Scrolls
 a - a scroll of teleportation {unknown}
 f - a scroll of noise {unknown}
 h - a scroll of blinking {unknown}
 o - a scroll of enchant weapon {unknown}
 r - a scroll of amnesia {unknown}
 t - a scroll of recharging {unknown}
 u - a scroll of magic mapping {unknown}
 v - a scroll of immolation {unknown}
Potions
 d - a potion of cancellation
 j - a potion of curing {unknown}
 m - a potion of brilliance
 n - a potion of flight {unknown}
Books
 b - a book of Air
Comestibles
 k - 2 royal jellies
 l - a meat ration {@e2}


   Skills:
 - Level 2.1 Dodging
 - Level 2.0 Stealth
 - Level 3.3 Spellcasting
 + Level 5.8 Conjurations
 + Level 6.8 Air Magic


You had one spell level left.
You knew the following spells:

 Your Spells              Type           Power        Failure   Level  Hunger
a - Static Discharge      Conj/Air       ###.....     4%          3    ###....
b - Airstrike             Air            ###.......   12%         4    ####...
s - Swiftness             Chrm/Air       ##......     7%          2    ##.....
z - Shock                 Conj/Air       ###.         1%          1    None


Dungeon Overview and Level Annotations

Branches:
Dungeon (3/15)

Altars:
Makhleb
Qazlal
The Shining One


Innate Abilities, Weirdness & Mutations

You have a beak for a mouth.
You have claws for feet.
You can fly.
Your skin changes colour to match your surroundings (Stealth+).
You possess an exceptional clarity of mind.
You evolve.
Your spells are a little easier to cast, but a little less powerful.


Message History

A rat is nearby!
Aim: a rat (resting)
You throw a steel javelin. The steel javelin hits the rat.
You kill the rat!
No target in view!
There is a stone staircase leading down here.
A worm comes into view.
A worm is nearby!
A worm is nearby!
A worm is nearby!
Aim: a worm (resting)
You throw a steel javelin. The steel javelin hits the worm!
Aim: a worm (moderately wounded)
You throw a steel javelin. The steel javelin hits the worm!
Aim: a worm (severely wounded)
The zap hits the worm.
You now have 11/12 mp.
Aim: a worm (severely wounded)
The zap hits the worm.
You now have 10/12 mp.
Aim: a worm (almost dead)
The air twists around and strikes the worm!
You kill the worm!
You now have 6/12 mp.
You see here a worm corpse.
Found an escape hatch in the floor.
An orc comes into view. It is wielding a hand axe.
An orc comes into view. It is wielding a mace.
There is an escape hatch in the floor here.
There are monsters nearby!
There are monsters nearby!
The orc barely misses you.
You closely miss the orc. You closely miss the orc. You claw the orc!
You kill the orc!
Things that are here:
a hand axe; 16 stones Unknown command.
Really quaff
q - a potion of berserk rage {!q}?
A red film seems to cover your vision as you go berserk!
You feel yourself moving faster!
You feel mighty!
Gorpus's ghost turns its malevolent gaze towards you.
You hear a shout!
Gorpus's ghost stares at you and mumbles some strange words.
The magic dart hits you!
You now have 42/48 hp.
Unknown command.
Unknown command.
You barely miss gorpus's ghost. Your peck misses gorpus's ghost.
Gorpus's ghost stares at you and mumbles some strange words.
The magic dart hits you!
You take 10 damage, and have 32/48 hp.
MASSIVE DAMAGE!!
You barely miss gorpus's ghost. You claw gorpus's ghost.
You barely miss gorpus's ghost. Gorpus's ghost casts a spell at you.
The magic dart hits you!
You take 6 damage, and have 26/48 hp.
You hit gorpus's ghost.
Lightning courses through gorpus's ghost!
Your peck misses gorpus's ghost. Gorpus's ghost casts a spell at you.
The magic dart hits you!
You take 10 damage, and have 16/48 hp.
MASSIVE DAMAGE!!
You barely miss gorpus's ghost. Your peck misses gorpus's ghost.
You closely miss gorpus's ghost. Your kick misses gorpus's ghost.
Gorpus's ghost hits you.
* * * LOW HITPOINT WARNING * * *
You take 3 damage, and have 13/48 hp.
You closely miss gorpus's ghost. Your kick misses gorpus's ghost.
Gorpus's ghost hits you.
* * * LOW HITPOINT WARNING * * *
You take 2 damage, and have 11/48 hp.
You miss gorpus's ghost. You peck gorpus's ghost. You miss gorpus's ghost.
Your kick misses gorpus's ghost. Gorpus's ghost casts a spell at you.
The magic dart hits you!
* * * LOW HITPOINT WARNING * * *
You take 5 damage, and have 6/48 hp.
You closely miss gorpus's ghost. You claw gorpus's ghost!
You destroy gorpus's ghost!
Your Conjurations skill increases to level 5!
You feel a strong urge to attack something.
The orc throws a stone.
The stone hits you but does no damage.
You see here a stone.
An orc comes into view.
The orc shouts!
You see here a stone.
Unknown command.
You feel your anger subside.
You are no longer berserk.
You pass out from exhaustion.
You feel yourself slow down.
The orc throws a stone.
The stone hits you.
* * * LOW HITPOINT WARNING * * *
The orc throws a tomahawk.
The tomahawk hits you but does no damage.
The orc throws a stone.
The stone hits you but does no damage.
The orc throws a tomahawk.
The tomahawk hits you.
You die...

#. ##..#####..... #..
#..## #.o... # #.###.##
###(..†. ##. #.....#
...(.....
##..#####..###.####.....
...)......o....# #.....
........(.##.....##.....
.......(...o.###.##.....
.......@..#### ####.#
........).#######..# #.#
...o#.###........#.###.#
##.#.........###........
.. #..........((........
# #o..............##...
...........########...
......####(########...
...### #.[.#........


You could see 4 orcs.

Vanquished Creatures
  The ghost of gorpus the Conjurer, an amateur OpCj (D:3)
  2 orc wizards (D:3)
  A hound (D:2)
  Robin (D:2)
  3 adders (D:2)
  3 worms
  3 dart slugs
  4 leopard geckos
  7 orcs (D:3)
  5 ball pythons
  5 giant cockroaches
  21 goblins
  9 hobgoblins
  6 quokkas
  6 bats
  4 frilled lizards
  7 kobolds
  10 rats
98 creatures vanquished.

Notes
Turn   | Place    | Note
-------+----------+-------------------------------------------
     0 | D:1      | MackTheKnife the Tengu Air Elementalist began the quest for the Orb.
     0 | D:1      | Reached XP level 1. HP: 10/10 MP: 4/4
   152 | D:1      | Reached XP level 2. HP: 15/15 MP: 0/6
   185 | D:1      | Learned a level 2 spell: Swiftness
   334 | D:1      | Reached skill level 2 in Conjurations
   491 | D:1      | Reached XP level 3. HP: 19/19 MP: 0/7
   880 | D:2      | Reached skill level 5 in Air Magic
   950 | D:2      | Reached XP level 4. HP: 24/24 MP: 7/9
   978 | D:2      | Found a burning altar of Makhleb.
   988 | D:2      | Reached skill level 3 in Conjurations
  1206 | D:2      | Found a glowing golden altar of the Shining One.
  1216 | D:2      | Found a stormy altar of Qazlal.
  1262 | D:2      | Reached skill level 3 in Spellcasting
  1408 | D:2      | Learned a level 3 spell: Static Discharge
  1493 | D:2      | Noticed Robin
  1502 | D:2      | Gained mutation: You can fly. [Tengu growth]
  1502 | D:2      | Reached XP level 5. HP: 28/28 MP: 4/10
  1516 | D:2      | Killed Robin
  1827 | D:3      | Noticed gorpus's ghost (amateur OpCj)
  1931 | D:3      | Reached skill level 4 in Conjurations
  2281 | D:3      | Learned a level 4 spell: Airstrike
  2627 | D:3      | HP: 7/28 [orc wizard/puff of flame (3)]
  2861 | D:3      | Reached skill level 6 in Air Magic
  2861 | D:3      | Reached XP level 6. HP: 15/32 MP: 4/12
  3030 | D:2      | Gained mutation: Your spells are a little easier to cast, but a little less powerful. [potion of mutation]
  3030 | D:2      | Gained mutation: You evolve. [potion of mutation]
  3030 | D:2      | Gained mutation: Your skin changes colour to match your surroundings (Stealth+). [potion of mutation]
  3030 | D:2      | Gained mutation: You possess an exceptional clarity of mind. [potion of mutation]
  3111 | D:3      | HP: 11/48 [gorpus's ghost (2)]
  3114 | D:3      | Killed gorpus's ghost
  3114 | D:3      | Reached skill level 5 in Conjurations
  3118 | D:3      | HP: 1/32 [orc/stone (3)]
  3120 | D:3      | Hit by a tomahawk thrown by an orc

Vault maps used:
D:1:      dpeg_arrival_renting
D:2:      amethyst_overflow_temple_binary, makhleb_heckhound_becter, uniq_robin

Skill      XL: |  1  2  3  4  5  6 |
---------------+-------------------+-----
Conjurations   | 2 3 4 5 |  5.8
Air Magic      | 5 6 |  6.8
Spellcasting   | 3 |  3.3
Dodging        | |  2.1
Stealth        | |  2.0

Action                   |  1- 3 |  4- 6 || total
-------------------------+-------+-------++-------
Melee: Unarmed           |     2 |       ||     2
       Short sword       |     9 |    19 ||    28
       Kick              |     1 |     7 ||     8
       Peck              |     1 |     5 ||     6
       Dagger            |       |    12 ||    12
Throw: Javelin           |    10 |     9 ||    19
 Cast: Shock             |    56 |    94 ||   150
       Static Discharge  |       |     8 ||     8
       Airstrike         |       |     2 ||     2
  Use: Potion            |       |     4 ||     4
       Scroll            |       |     2 ||     2
  Eat: Chunk             |     1 |     4 ||     5
       Bread ration      |       |     1 ||     1
Armor: Leather armour    |       |     4 ||     4
       Robe              |       |     1 ||     1
Dodge: Dodged            |     6 |    25 ||    31

Vault maps used:
D:1:      dpeg_arrival_renting
D:2:      amethyst_overflow_temple_binary, makhleb_heckhound_becter, uniq_robin

Table legend:
 A = Turns spent in this place as a percentage of turns spent in the entire game.
 B = Non-inter-level travel turns spent in this place as a percentage of non-inter-level travel turns spent in the entire game.
 C = Inter-level travel turns spent in this place as a percentage of turns spent in this place.
 D = Turns resting spent in this place as a percentage of non-inter-level travel turns spent in this place.
 E = Turns spent auto-exploring this place as a percentage of non-inter-level travel turns spent in this place.
 F = Non-inter-level travel turns spent in this place divided by the number of levels of this place that you've seen.
                   A       B       C       D       E      F
               +-------+-------+-------+-------+-------+----------------------
         Total | 100.0 | 100.0 |   0.6 |   8.3 |  14.1 | 237.0
       Dungeon | 100.0 | 100.0 |   0.6 |   8.3 |  14.1 | 237.0
               +-------+-------+-------+-------+-------+----------------------

Table legend:
 A = Kills in this place as a percentage of kills in entire the game.
 B = Kills by you in this place as a percentage of kills by you in the entire game.
 C = Kills by friends in this place as a percentage of kills by friends in the entire game.
 D = Other kills in this place as a percentage of other kills in the entire game.
 E = Experience gained in this place as a percentage of experience gained in the entire game.
 F = Experience gained in this place divided by the number of levels of this place that you have seen.
                   A       B       C       D       E      F
               +-------+-------+-------+-------+-------+----------------------
         Total | 100.0 | 100.0 |  -nan |  -nan | 100.0 | 194.7
       Dungeon | 100.0 | 100.0 |  -nan |  -nan | 100.0 | 194.7
               +-------+-------+-------+-------+-------+----------------------
